Map: 2000大氣壓力 - 天梯版

Players

Mysteryman - Winner!

  • Race: Zerg Zerg

Yoger

  • Race: Zerg Zerg
  • League: Master

Event: DreamHack SC2 Masters 2021 Summer

VOD

Have the link to the VOD?

Description

Time

  • Played on: May 20, 2021, 7:51 a.m.
  • Length: 9:52

All games in this series

Show
View Real Time Build Order
Export as new Build Order

Mysteryman Zerg - Winner!

Build Orders: Pool First, Zergling Baneling 

Get SALT Encoding   

  12  0:00  Drone  
  13  0:12  Overlord  
  13  0:17  Drone  
  14  0:30  Drone x2  
  14  0:35  Drone  
  17  0:44  Extractor  
  17  0:45  Spawning Pool  
  17  0:49  Drone  
  16  0:55  Drone  
  17  1:08  Drone  
  18  1:20  Hatchery  
  18  1:23  Drone  
  18  1:34  Queen  
  18  1:38  Zergling x2  
  21  1:45  Metabolic Boost  
  21  1:52  Overlord  
  21  1:56  Zergling x2  
  22  2:05  Baneling Nest  
  22  2:07  Zergling x2  
  22  2:17  Queen  
  22  2:20  Zergling x2  
  25  2:24  Zergling x2  
  26  2:32  Zergling x4  
  28  2:41  Zergling x4  
  28  2:43  Zergling x2  
  31  2:44  Zergling x2  
  32  2:51  Zergling x2  
  32  2:58  Zergling x4  
  35  3:04  Zergling x2  
  36  3:11  Overlord  
  36  3:14  Baneling x2  
  33  3:27  Zergling x2  
  33  3:28  Zergling x4  
  35  3:37  Zergling x4  
  35  3:38  Zergling x4  
  29  3:52  Drone x4  
  29  3:54  Baneling x2  
  32  4:02  Zergling x4  
  34  4:12  Drone  
  34  4:13  Drone  
  36  4:17  Baneling x4  
  36  4:20  Drone  
  37  4:26  Drone x3  
  37  4:28  Drone  
  39  4:44  Drone x4  
  42  4:47  Spine Crawler  
  42  4:49  Zergling x2  
  42  4:52  Extractor  
  41  4:53  Lair  
  41  4:56  Drone  
  41  4:58  Drone  
  43  5:05  Overlord  
  43  5:11  Roach Warren  
  42  5:14  Drone x2, Extractor  
  42  5:19  Overlord  
  43  5:25  Drone x3  
  43  5:28  Drone  
  47  5:31  Overlord  
  47  5:33  Baneling  
  47  5:34  Drone  
  48  5:36  Drone  
  48  5:41  Drone x2  
  47  5:45  Drone x2, Baneling  
  49  5:52  Glial Reconstitution  
  49  5:55  Roach x2  
  53  6:03  Roach  
  53  6:04  Roach x2  
  58  6:14  Hatchery  
  59  6:18  Roach  
  59  6:19  Roach  
  61  6:26  Roach x2  
  61  6:27  Roach  
  61  6:28  Overseer  
  67  6:37  Overlord  
  67  6:41  Overlord  
  67  6:46  Overlord  
  67  6:51  Overlord  
  67  6:53  Zergling x2  
  68  6:57  Zergling x10  
  73  7:06  Baneling x2  
  73  7:08  Zergling x8  
  77  7:10  Zergling x8  
  77  7:12  Ravager x2  
  83  7:23  Evolution Chamber  
  83  7:25  Roach x2  
  85  7:31  Roach x2  
  84  7:39  Zergling x2  
  84  7:40  Zergling x12  
  84  7:42  Zergling x2  
  84  7:43  Zergling x2  
  90  7:47  Ravager  
  89  7:52  Zergling x4  
  89  7:56  Zerg Missile Weapons Level 1, Queen  
  88  7:59  Zergling x6  
  88  8:03  Ravager  
  88  8:08  Zergling x4  
  82  8:13  Drone  
  82  8:15  Drone  
  82  8:19  Ravager  
  78  8:20  Drone x2  
  77  8:28  Drone x2  
  77  8:33  Roach x5  
  81  8:42  Roach x3  
  85  8:50  Roach x2  
  85  8:56  Roach  
  85  8:58  Extractor  
  84  9:03  Roach x4  
  84  9:04  Queen, Zergling x6  
  97  9:14  Zergling x10  
  102  9:19  Overlord  
  100  9:34  Zergling x8  
Show
View Real Time Build Order
Export as new Build Order

Yoger Zerg 

Build Orders: Pool First 

Get SALT Encoding   

  12  0:00  Drone  
  13  0:12  Overlord  
  13  0:17  Drone  
  14  0:31  Drone x2  
  16  0:41  Spawning Pool  
  15  0:45  Drone  
  15  0:49  Drone  
  17  1:09  Hatchery  
  16  1:12  Drone  
  16  1:17  Extractor  
  16  1:28  Zergling x6  
  19  1:34  Queen  
  21  1:42  Overlord  
  21  1:50  Drone  
  22  2:01  Drone  
  23  2:09  Queen  
  23  2:13  Drone  
  26  2:17  Metabolic Boost  
  26  2:22  Drone  
  27  2:29  Queen  
  29  2:32  Drone  
  30  2:37  Baneling Nest  
  30  2:40  Drone  
  31  2:44  Drone  
  31  2:54  Drone  
  31  2:55  Zergling x2  
  31  2:57  Drone  
  33  2:59  Drone  
  33  3:04  Overlord  
  34  3:22  Baneling  
  34  3:23  Baneling, Zergling x12  
  39  3:28  Zergling x4  
  36  3:35  Zergling x6  
  24  3:50  Drone  
  24  3:55  Drone  
  24  4:00  Drone  
  26  4:07  Drone x2  
  28  4:12  Drone  
  29  4:18  Baneling x2  
  29  4:21  Queen  
  31  4:26  Baneling  
  31  4:27  Zergling x2  
  31  4:40  Baneling x2  
  31  4:44  Drone x3  
  31  4:45  Queen  
  36  4:49  Drone  
  36  4:52  Drone  
  38  4:54  Drone  
  38  4:57  Drone  
  40  5:02  Overlord  
  40  5:06  Drone  
  41  5:11  Lair  
  41  5:14  Drone  
  41  5:16  Extractor  
  41  5:17  Drone  
  41  5:20  Drone  
  42  5:27  Extractor x2  
  42  5:28  Drone  
  41  5:31  Drone x4  
  45  5:41  Drone  
  45  5:43  Drone  
  46  5:55  Drone x3  
  46  5:56  Drone  
  50  6:02  Roach Warren  
  50  6:03  Overlord  
  48  6:04  Drone x2  
  48  6:06  Evolution Chamber  
  49  6:13  Drone  
  50  6:27  Drone  
  50  6:29  Overlord  
  50  6:30  Hatchery  
  50  6:33  Zerg Missile Weapons Level 1  
  50  6:39  Overlord  
  47  6:43  Roach x4  
  47  6:46  Roach  
  57  6:50  Roach  
  57  6:51  Glial Reconstitution  
  57  6:54  Roach x2  
  61  6:58  Roach  
  67  7:01  Roach  
  67  7:06  Roach  
  67  7:07  Roach  
  67  7:08  Overlord  
  71  7:11  Roach  
  71  7:14  Roach  
  75  7:21  Overlord  
  75  7:22  Overlord  
  74  7:34  Roach x5  
  74  7:44  Roach x4  
  74  7:50  Roach x3  
  78  7:54  Queen  
  69  8:00  Roach x2  
  69  8:03  Roach  
  60  8:13  Roach x2  
  60  8:18  Roach x2  
  57  8:29  Roach  
  57  8:30  Roach x2  
  57  8:37  Roach x2  
  51  8:46  Roach  
  43  8:54  Roach  
  40  8:59  Roach x2  
  40  9:03  Roach  
  40  9:06  Roach  
  44  9:10  Roach  
  46  9:21  Roach x2  
  50  9:28  Roach  
Tags
 
Add a new tag
Caveats
  • Supply blocks, unpowered buildings, or Contaminate may cause inaccurate times.
  • Supply counts are checked every 10 seconds.